 Dungeon Crawl Stone Soup version 0.31-a0-868-g674d60d6f7 (webtiles) character file.

Game seed: 12127256673433618307

119 Gergoth the Poker (level 5, -11/41 HPs)
             Began as a Merfolk Gladiator on Oct 11, 2023.
             Mangled by a black bear (12 damage)
             ... on level 4 of the Dungeon.
             The game lasted 00:06:52 (2350 turns).

Gergoth the Poker (Merfolk Gladiator)               Turns: 2350, Time: 00:06:52

Health: -11/41     AC:  1    Str: 15    XL:     5   Next: 3%
Magic:  5/5        EV: 14    Int: 15    God:
Gold:   149        SH:  0    Dex: 15    Spells: 4/4 levels left

rFire   . . .        a - +0 trident
rCold   . . .        (no shield)
rNeg    . . .        (no body armour)
rPois   .            c - +0 helmet
rElec   .            (no cloak)
rCorr   .            (no gloves)
SInv    .            (no boots)
Will    .....        (no amulet)
Stlth   +            l - +6 ring of intelligence
HPRegen 0.26/turn    (no ring)
MPRegen 0.09/turn

%: no passive effects
@: no status effects
A: (nimble swimmer 2), mertail
a: no special abilities


You were on level 4 of the Dungeon.
You visited 1 branch of the dungeon, and saw 4 of its levels.

You collected 149 gold pieces.

Inventory:

Hand Weapons
 a - a +0 trident (weapon)
Missiles
 e - a javelin
 C - 6 poisoned darts
Armour
 c - a +0 helmet (worn)
 g - a +0 scale mail
 i - a +0 scale mail
 r - a +0 leather armour
 s - a +1 leather armour of willpower
 y - a +0 leather armour
 z - the orb of Caaxt {*channel, rC+}
   (You found it on level 3 of the Dungeon)

   rC+:       It protects you from cold.
 A - a +0 leather armour
Jewellery
 l - a +6 ring of intelligence (left hand)
 n - a ring of wizardry
 u - an amulet of faith
 x - an amulet of reflection
 B - an amulet of regeneration
Talismans
 v - a blade talisman
Scrolls
 h - a scroll of fear {unknown}
 m - 2 scrolls of identify {unknown}
 o - a scroll of vulnerability {unknown}
 p - a scroll of butterflies {unknown}
 t - a scroll of enchant armour {unknown}
 w - a scroll of fog {unknown}
 D - a scroll of acquirement {unknown}
Potions
 j - a potion of degeneration {unknown}
 k - a potion of haste {unknown}
 q - a potion of enlightenment {unknown}


   Skills:
 + Level 3.3 Fighting
 + Level 5.0 Polearms
 - Level 2.0 Throwing
 + Level 1.3 Armour
 + Level 5.0 Dodging


You had 4 spell levels left.
You didn't know any spells.
Your spell library contained the following spells:

 Spells                   Type           Power      Damage    Failure   Level
 Call Canine Familiar     Summ           0%         N/A       63%         3
 Sigil of Binding         Hex            0%         N/A       63%         3
 Dimensional Bullseye     Hex/Tloc       0%         N/A       95%         4
 Leda's Liquefaction      Hex/Erth       0%         N/A       95%         4


Dungeon Overview and Level Annotations

Branches:
Dungeon (4/15)
 Temple: D:4-7

Altars:

Annotations:
D:3 Grinder


Innate Abilities, Weirdness & Mutations

((You are very nimble when in or above water. (Stealth+, EV+, Speed+++)))
Your lower body shifts to a powerful aquatic tail in water.


Message History

The black bear struggles against the net.
You reach to attack!
You strike the helpless black bear from behind!
You hit the black bear but do no damage.
The black bear is moderately wounded.
The black bear struggles against the net.
The net rips apart, and the black bear comes free!
You reach to attack!
You barely miss the black bear.
The black bear is moderately wounded.
You hit the black bear but do no damage.
The black bear is moderately wounded.
The black bear closely misses you. The black bear claws you.
The black bear closely misses you.
You puncture the black bear!
The black bear is severely wounded.
The black bear goes berserk!
You hit the black bear.
The black bear is almost dead.
The black bear bites you. The black bear barely misses you.
The black bear claws you. The black bear bites you.
The black bear closely misses you. The black bear barely misses you.
You hit the black bear.
The black bear is almost dead.
The black bear bites you! The black bear claws you.
The black bear closely misses you. The black bear bites you!
* * * LOW HITPOINT WARNING * * *
The black bear misses you. The black bear claws you.
* * * LOW HITPOINT WARNING * * *
You hit the black bear.
The black bear is almost dead.
The black bear barely misses you. The black bear claws you.
* * * LOW HITPOINT WARNING * * *
The black bear closely misses you.
Throw: throwing net
Press: ? - help, Q - select action, (/) - cycle Shift-Dir - straight line, f/p - black bear
Aim: a black bear (almost dead, berserk, 65% to hit)
You throw a throwing net.
The throwing net closely misses the black bear.
The black bear bites you!
You die...

####### #$....#
###+ #+###.....#
...# #.........#
....##(.h@.....#
#..#.........#
#.).....####....
#.......# ..$.
#.....### .$.
#.....##########
#.....'....#...
#.....####.....
#.....# #.#.


You could see a black bear (berserk).

Vanquished Creatures
  Natasha (D:3)
  2 adders
  2 worms
  7 orcs
  6 bats
  5 giant cockroaches
  6 goblins
  4 hobgoblins
  6 jackals
  4 kobolds
  4 quokkas
  3 ball pythons
  5 frilled lizards
  7 rats
62 creatures vanquished.

Notes
Turn   | Place    | Note
-------+----------+-------------------------------------------
     0 | D:1      | Gergoth the Merfolk Gladiator began the quest for the Orb.
     0 | D:1      | Reached XP level 1. HP: 16/16 MP: 1/1
   119 | D:1      | Reached XP level 2. HP: 23/23 MP: 2/2
   494 | D:1      | Reached XP level 3. HP: 22/28 MP: 3/3
  1320 | D:2      | Reached skill level 1 in Armour
  1521 | D:3      | Reached XP level 4. HP: 34/34 MP: 4/4
  1940 | D:3      | Identified the orb of Caaxt {*channel, rC+}
  1982 | D:3      | Noticed Grinder
  2013 | D:3      | Noticed Natasha
  2019 | D:3      | Killed Natasha
  2020 | D:3      | Reached skill level 5 in Polearms
  2050 | D:3      | Reached skill level 5 in Dodging
  2078 | D:3      | Reached XP level 5. HP: 23/41 MP: 5/5
  2192 | D:3      | Paralysed by Grinder for 3 turns
  2201 | D:3      | Paralysed by Grinder for 5 turns
  2335 | D:4      | Noticed a black bear
  2348 | D:4      | HP: 2/41 [black bear (2)]
  2350 | D:4      | Mangled by a black bear

Illustrated notes

Levels and vault maps discovered:
D:1:      dpeg_arrival_simpleton_c, layout_basic
D:2:      layout_rooms
D:3:      layout_loops_ring, uniq_grinder, uniq_natasha
D:4:      layout_basic, mainiacjoe_overflow_24_doors

Skill      XL: |  1  2  3  4 |
---------------+-------------+-----
Armour         | 1 |  1.3
Fighting       | 3 |  3.3
Polearms       | 5 |  5.0
Dodging        | 5 |  5.0
Throwing       | |  2.0

Action                     |  1- 3 |  4- 6 || total
---------------------------+-------+-------++-------
  Melee: Trident           |   121 |    81 ||   202
         Punch             |       |     1 ||     1
  Throw: Throwing net      |       |     6 ||     6
    Use: Scroll            |       |     2 ||     2
   Stab: Sleeping          |     2 |     1 ||     3
         Distracted        |       |     1 ||     1
         Held in net/web   |       |     1 ||     1
 Armour: Leather armour    |    26 |       ||    26
         Ring mail         |    11 |       ||    11
         Skin              |     8 |    33 ||    41
  Dodge: Dodged            |    57 |    57 ||   114

Table legend: (Time is in decaauts)
 A = Elapsed time spent in this place.
 B = Non-inter-level travel time spent in this place.
 C = Inter-level travel time spent in this place.
 D = Time resting spent in this place.
 E = Time spent auto-exploring this place.
 F = Levels seen in this place.
 G = Mean time per level.
                   A        B        C        D        E       F      G
               +--------+--------+--------+--------+--------+-----+--------+
         Total |   2363 |   2325 |     38 |     89 |   1485 |   4 |  590.8 |
       Dungeon |   2363 |   2325 |     38 |     89 |   1485 |   4 |  590.8 |
               +--------+--------+--------+--------+--------+-----+--------+

Top non-repeatable levels by time:
     D:1: 970 daAuts
     D:3: 795 daAuts
     D:2: 546 daAuts
     D:4: 50 daAuts
